cohdb
Replays
Latest Replays
All Replays
Popular Replays
Top Player Replays
Match Explorer
How It Works
Community
CoH3 Stats
Reddit
Sign in to upload your games and track your stats! →
Sign in with Steam
Match 43492879
Unlisted
Match 43492879
Overview
Messages
Build Orders
End
Royal Engineer Section
Construct Section Command Post
Selects Air and Sea Battlegroup
Infantry Section
Dingo Light Scout Car
Infantry Section
Construct Platoon Command Post
Construct Field Infirmary
Selects Commando Section Paradrop
Humber Armored Car
Commando Section Paradrop
Engine1000
咚咚锵个腿
0
0
Comments
sign in to comment!
No comments posted yet!